 Dungeon Crawl Stone Soup version 0.20-a0-1008-g0de3dc5 (webtiles) character file.

99 alfred1011 the Vandal (level 5, -3/35 HPs)
             Began as a Halfling Hunter on Apr 14, 2017.
             Slain by an ice beast (14 damage)
             ... on level 3 of the Dungeon.
             The game lasted 00:14:26 (1615 turns).

alfred1011 the Vandal (Halfling Hunter)             Turns: 1615, Time: 00:14:26

Health: -3/35      AC:  5    Str: 13    XL:     5   Next: 2%
Magic:  5/5        EV: 15    Int: 15    God:
Gold:   138        SH:  0    Dex: 16    Spells: 4/4 levels left

rFire    . . .     SeeInvis .   a - +1 hunting sling
rCold    . . .     Gourm    .   (shield restricted)
rNeg     . . .     Faith    .   c - +0 leather armour
rPois    .         Spirit   .   (no helmet)
rElec    .         Reflect  .   q - +0 cloak
rCorr    .         Harm     .   (no gloves)
MR       .....                  n - +0 pair of boots
Stlth    ++........             (no amulet)
Regen    0.2/turn               l - +6 ring of intelligence
MPRegen  0.1/turn               (no ring)

@: no status effects
A: mutation resistance 1
a: no special abilities


You were on level 3 of the Dungeon.
You were not hungry.

You visited 1 branch of the dungeon, and saw 3 of its levels.

You collected 138 gold pieces.

Inventory:

Hand Weapons
 a - a +1 hunting sling (weapon)
 b - a +0 short sword
Missiles
 d - 15 sling bullets (quivered)
 e - 2 throwing nets
 m - 59 stones
Armour
 c - a +0 leather armour (worn)
 n - a +0 pair of boots (worn)
 q - a +0 cloak (worn)
Jewellery
 l - a +6 ring of intelligence (left hand)
 x - an uncursed amulet of rage {unknown}
Scrolls
 r - a scroll of fog {unknown}
 t - a scroll of noise {unknown}
 u - a scroll of amnesia {unknown}
 v - a scroll of remove curse {unknown}
 w - a scroll of random uselessness {unknown}
Potions
 g - 2 potions of brilliance
 h - 2 potions of mutation
 i - 2 potions of invisibility {unknown}
 k - a potion of ambrosia {unknown}
 o - a potion of berserk rage {unknown}
Comestibles
 f - a bread ration
 j - a royal jelly
 p - 2 meat rations
 s - 3 fruits


   Skills:
 + Level 2.3 Fighting
 + Level 7.9 Slings
 - Level 0.9 Armour
 + Level 2.3 Dodging
 + Level 1.2 Stealth


You had 4 spell levels left.
You didn't know any spells.

Dungeon Overview and Level Annotations

Branches:
Dungeon (3/15)

Altars:
Nemelex Xobeh
Wu Jian


Innate Abilities, Weirdness & Mutations

You are small and have problems with some larger weapons.
You are somewhat resistant to further mutation.


Message History

The ice beast is severely wounded.
The ice beast completely misses you.
Firing (i - inventory. (,) - cycle):
d - 17 sling bullets (quivered)
Press: ? - help, Shift-Dir - straight line, f/p - ice beast
Aim: an ice beast (severely wounded)
You shoot a sling bullet.
The sling bullet closely misses the ice beast.
The ice beast closely misses you.
Firing (i - inventory. (,) - cycle):
d - 16 sling bullets (quivered)
Press: ? - help, Shift-Dir - straight line, f/p - ice beast
Aim: an ice beast (severely wounded)
You shoot a sling bullet. The sling bullet hits the ice beast.
The ice beast is almost dead.
The ice beast hits you. The ice beast freezes you!
You are too injured to fight recklessly!
You are too injured to fight recklessly!
You are too injured to fight recklessly!
Okay, then.
The ice beast hits you. The ice beast freezes you!
You die...

### ##.#######.###...#
..# #.#.........#...#
#.# #.#.####....#####
#.#####.#.# #....# #
#.#.....#.# #....# #####
#.#.#####.# ######
....###...#####.#
.............##.###
.............##.@.#
.............####Y#####
.........†...#........#
##..<........#...>....##
#.....................#
#####.#######.........#
######.# #!...?....#
.......## #...>.....?..#
........# #........###.#


You could see an ice beast.

Vanquished Creatures
  Terence (D:2)
  2 adders
  An ooze (D:2)
  2 worms (D:3)
  A giant cockroach (D:2)
  7 goblins
  8 hobgoblins
  A quokka (D:3)
  7 bats
  4 frilled lizards
  3 kobolds
  A quokka skeleton (D:3)
  9 rats
47 creatures vanquished.

Notes
Turn   | Place    | Note
-------+----------+-------------------------------------------
     0 | D:1      | alfred1011 the Halfling Hunter began the quest for the Orb.
     0 | D:1      | Reached XP level 1. HP: 14/14 MP: 1/1
    61 | D:1      | Reached skill level 6 in Slings
   141 | D:1      | Reached XP level 2. HP: 19/19 MP: 2/2
   724 | D:2      | Reached XP level 3. HP: 24/24 MP: 3/3
   734 | D:2      | Noticed Terence
   744 | D:2      | Killed Terence
   744 | D:2      | Reached skill level 7 in Slings
   816 | D:2      | Reached XP level 4. HP: 29/29 MP: 4/4
   949 | D:2      | Found a sparkling altar of Nemelex Xobeh.
  1333 | D:3      | Found an ornate altar of the Wu Jian Council.
  1555 | D:3      | Reached XP level 5. HP: 35/35 MP: 5/5
  1594 | D:3      | Noticed an ice beast
  1615 | D:3      | Slain by an ice beast

Vault maps used:
D:1:      dpeg_arrival_radiant, minivault_4
D:2:      nicolae_overflow_hidden_temple, kennysheep_another_room, uniq_terence
D:3:      lemuel_doored_altar, lemuel_crystal_altar

Skill      XL: |  1  2  3 |
---------------+----------+-----
Slings         | 6 7 |  7.9
Fighting       | 2 |  2.3
Armour         | |  0.9
Dodging        | |  2.3
Stealth        | |  1.2

Action                   |  1- 3 |  4- 6 || total
-------------------------+-------+-------++-------
 Fire: Hunting sling     |    55 |    84 ||   139
  Use: Potion            |     1 |     2 ||     3
       Scroll            |     1 |       ||     1
  Eat: Royal jelly       |       |     1 ||     1
Armor: Leather armour    |     4 |     2 ||     6
Dodge: Dodged            |     5 |     7 ||    12
